 Dungeon Crawl Stone Soup version 0.29.1-2-gbd0b4ee654 (webtiles) character file.

Game seed: 12596252997150828829

7322 cdecastro the Unseen (level 10, -1/50 HPs)
             Began as a Vampire Enchanter on Nov 8, 2022.
             Was an Elder of Lugonu.
             Slain by a warg (12 damage)
             ... on level 10 of the Dungeon.
             The game lasted 00:29:12 (10000 turns).

cdecastro the Unseen (Vampire Enchanter)           Turns: 10000, Time: 00:29:13

Health: -1/50      AC: 16    Str:  7    XL:     10   Next: 90%
Magic:  3/14       EV: 15    Int: 22    God:    Lugonu [****..]
Gold:   601        SH:  0    Dex: 15    Spells: 5/13 levels left

rFire   . . .      SeeInvis +   o - +2 long sword (protect)
rCold   + + .      Faith    .   (no shield)
rNeg    + + +      Spirit   .   K - +3 leather armour
rPois   ∞          Reflect  .   (no helmet)
rElec   .          Harm     .   N - +1 cloak "Atingoah" {rN+}
rCorr   .          Rampage  .   j - +0 pair of gloves
Will    +....                   (no boots)
Stlth   ++++++++..              (no amulet)
HPRegen 0.00/turn               B - +4 ring of evasion
MPRegen 0.14/turn               M - ring of wizardry

@: under a protective aura, bloodless, inhibited regen
A: bloodless, fangs 3, see invisible, vampiric 2
a: Bat Form, Revivify, Renounce Religion, Depart the Abyss, Bend Space, Banish,
Corrupt


You were on level 10 of the Dungeon.
You worshipped Lugonu.
Lugonu was greatly pleased with you.
You visited 2 branches of the dungeon, and saw 11 of its levels.

You collected 601 gold pieces.

Inventory:

Hand Weapons
 o - a +2 long sword of protection (weapon)
 H - a +0 dagger of venom
 X - a +2 dagger of freezing
 Z - a +2 vampiric dagger
Missiles
 u - 15 poisoned darts
 D - a throwing net
 I - 16 boomerangs
 V - a boomerang of dispersal
Armour
 h - a +0 troll leather armour
 j - a +0 pair of gloves (worn)
 t - a +2 robe of willpower
 y - a +0 leather armour of poison resistance
 A - a +0 cloak of preservation
 K - a +3 leather armour (worn)
 N - the +1 cloak "Atingoah" (worn) {rN+}
   (You found it on level 7 of the Dungeon)

   rN:        It protects you from negative energy.
Magical Staves
 n - a staff of air
 w - a staff of earth
Jewellery
 a - the ring "Wuphuc" {Fire Int+6}
   (You found it on level 9 of the Dungeon)

   [ring of fire]

   It enhances your fire magic.
   Int:       It affects your intelligence (+6).
   rF:        It protects you from fire.
   rC:        It makes you vulnerable to cold.
 B - a +4 ring of evasion (left hand)
 M - a ring of wizardry (right hand)
 R - a ring of resist corrosion
 S - a ring of fire
 Y - a ring of willpower
Wands
 r - a wand of flame (21)
Scrolls
 d - 4 scrolls of noise {unknown}
 e - 3 scrolls of teleportation {unknown}
 f - a scroll of acquirement {unknown}
 g - a scroll of fear {unknown}
 i - 2 scrolls of vulnerability {unknown}
 k - 2 scrolls of poison {unknown}
 l - a scroll of silence {unknown}
 p - 3 scrolls of butterflies {unknown}
 E - a scroll of immolation {unknown}
 F - a scroll of blinking {unknown}
 G - 2 scrolls of magic mapping {unknown}
 L - a scroll of brand weapon {unknown}
 O - a scroll of enchant weapon
 P - a scroll of amnesia
 Q - 2 scrolls of torment {unknown}
 T - a scroll of summoning
 W - 2 scrolls of enchant armour {unknown}
Potions
 b - 4 potions of haste
 c - 5 potions of invisibility
 m - 4 potions of attraction
 q - 2 potions of brilliance
 s - a potion of might
 v - 4 potions of curing
 x - 5 potions of heal wounds
 z - 2 potions of cancellation
 C - a potion of flight
 J - a potion of ambrosia
 U - a potion of mutation


   Skills:
 - Level 1.1(6.9) Short Blades
 - Level 9.9(10.0) Long Blades
 - Level 2.1 Dodging
 + Level 16.0 Stealth
 - Level 2.0 Spellcasting
 - Level 10.1 Hexes
 * Level 5.7 Invocations


You had 5 spell levels left.
You knew the following spells:

 Your Spells              Type           Power      Damage    Failure   Level
a - Ensorcelled Hibernat  Hex/Ice        48%        N/A       1%          2
b - Confusing Touch       Hex            46%        N/A       1%          3
c - Tukima's Dance        Hex            46%        N/A       1%          3

Your spell library contained the following spells:

 Spells                   Type           Power      Damage    Failure   Level
 Dazzling Flash           Conj/Hex       48%        N/A       3%          3
 Portal Projectile        Hex/Tloc       48%        N/A       3%          3
 Sandblast                Erth           4%         2d4       9%          1
 Summon Small Mammal      Summ           8%         N/A       9%          1
 Leda's Liquefaction      Hex/Erth       12%        N/A       11%         4
 Call Imp                 Summ           2%         N/A       12%         2
 Passwall                 Tmut/Erth      1%         N/A       12%         2
 Static Discharge         Conj/Air       2%         3-4/arc   12%         2
 Call Canine Familiar     Summ           2%         N/A       24%         3
 Stone Arrow              Conj/Erth      4%         3d7       24%         3
 Yara's Violent Unravell  Hex/Tmut       12%        3d7       28%         5
 Animate Armour           Summ/Erth      4%         N/A       58%         4
 Dispel Undead            Necr           2%         3d7       58%         4
 Passage of Golubria      Tloc           2%         N/A       58%         4
 Sticky Flame             Conj/Fire      2%         2d3       58%         4
 Iskenderun's Battlesphe  Conj           2%         2d6       89%         5
 Iron Shot                Conj/Erth      1%         9d1       100%        6
 Monstrous Menagerie      Summ           1%         N/A       100%        7
 Spellforged Servitor     Conj/Summ      1%         N/A       100%        7
 Lehudib's Crystal Spear  Conj/Erth      1%         10d2      100%        8


Dungeon Overview and Level Annotations

Branches:
Dungeon (10/15)            Temple (1/1) D:6            Lair (0/5) D:8
    Orc (0/2) D:10

Altars:
Ashenzari
Cheibriados
Dithmenos
Fedhas
Gozag
Hepliaklqana
Kikubaaqudgha
Makhleb
Okawaru
Qazlal
Ru
Sif Muna
Trog
Uskayaw
Vehumet
Wu Jian
Xom
Yredelemnul
Lugonu

Shops:
D:2 (   D:4 :   D:8 [


Innate Abilities, Weirdness & Mutations

You do not regenerate when monsters are visible.
You are frail without blood (-20% HP).
You can heal yourself when you bite living creatures.
You are immune to poison.
You have razor-sharp teeth.
You have supernaturally acute eyesight. (SInv)
You are afflicted with vampirism and can become a bat while bloodless.


Message History

You hit the warg.
The warg is heavily wounded.
The warg closely misses you. The warg misses you.
You miss the warg.
The warg is heavily wounded.
The warg barely misses you. The warg bites you!
* * * LOW HITPOINT WARNING * * *
You slash the warg!
The warg is severely wounded.
The warg barely misses you. The warg bites you but does no damage.
The warg closely misses you.
You slash the warg!
You kill the warg!
Lugonu accepts your kill. The warg closely misses you.
Your Stealth skill increases to level 16!
You slash the warg!
The warg is moderately wounded.
The warg bites you.
* * * LOW HITPOINT WARNING * * *
The warg closely misses you.
You closely miss the warg.
The warg is lightly wounded.
The warg closely misses you.
You slash the warg!
The warg is heavily wounded.
The warg closely misses you.
You hit the warg.
The warg is heavily wounded.
The warg barely misses you.
You closely miss the warg.
The warg is heavily wounded.
The warg barely misses you.
You barely miss the warg.
The warg is heavily wounded.
The warg closely misses you.
You slash the warg! Your bite misses the warg.
The warg is almost dead.
The warg barely misses you. The warg bites you!
You die...

#..>.........?
#.....# ....#
#.h...##...#
.......#.....#
#########$..## ##†##
#†.## #.. ##h†## #..#
##########@.###..#
#......####..#..#
##.........#....#
#..............##
##.............##
#..............##
#...............## #
##...........!...##..
#...............#..#


You could see a warg.

Vanquished Creatures
  2 two-headed ogres
  A troll (D:10)
  A hornet (D:9)
  A shadow (D:9)
  A wraith (D:10)
  3 wyverns
  5 yaks (D:8)
  3 wargs (D:10)
  A water moccasin (D:7)
  3 black bears
  6 orc warriors
  4 ice beasts
  4 ogres
  2 centaurs
  2 phantoms
  A kobold brigand (D:9)
  3 bullfrogs
  A gnoll sergeant (D:8)
  A necrophage (D:5)
  5 scorpions
  6 killer bees (D:9)
  3 howler monkeys (D:9)
  4 orc priests
  A gnoll bouda (D:4)
  3 hounds
  Jessica (D:3)
  2 iguanas
  Natasha (D:3)
  8 orc wizards
  16 gnolls
  11 adders
  3 worms
  A dart slug (D:2)
  25 orcs
  4 bats
  4 endoplasms
  5 giant cockroaches
  5 hobgoblins
  8 kobolds
  4 ball pythons
  5 frilled lizards
  9 goblins
  4 rats
183 creatures vanquished.

Vanquished Creatures (others)
  12 fungi (D:8)
  15 plants (D:8)
27 creatures vanquished.

Grand Total: 210 creatures vanquished

Notes
Turn   | Place    | Note
-------+----------+-------------------------------------------
     0 | D:1      | cdecastro the Vampire Enchanter began the quest for the
                  | Orb.
     0 | D:1      | Reached XP level 1. HP: 13/13 MP: 3/3
   217 | D:1      | Reached skill level 5 in Hexes
   217 | D:1      | Reached XP level 2. HP: 19/19 MP: 5/5
   622 | D:2      | Reached skill level 5 in Stealth
   660 | D:2      | Gained mutation: You are afflicted with vampirism and can
                  | become a bat while bloodless. [Vampire growth]
   660 | D:2      | Reached XP level 3. HP: 15/24 MP: 6/6
  1263 | D:2      | Learned a level 2 spell: Ensorcelled Hibernation
  1576 | D:2      | Found Raprut's Antique Weapon Emporium.
  1758 | D:3      | Noticed Jessica
  1776 | D:3      | Killed Jessica
  1777 | D:3      | Reached XP level 4. HP: 6/24 MP: 0/7
  2032 | D:3      | Found a faded altar of an unknown god.
  2063 | D:3      | Prayed at the altar of an unknown god.
  2063 | D:3      | Became a worshipper of Lugonu the Unformed
  2063 | D:3      | Reached * piety under Lugonu
  2063 | D:3      | Reached ** piety under Lugonu
  2176 | D:3      | Found an ornate altar of the Wu Jian Council.
  2178 | D:3      | Found a blossoming altar of Fedhas.
  2417 | D:3      | Noticed Natasha
  2424 | D:3      | Killed Natasha
  2425 | D:3      | Reached skill level 6 in Stealth
  2800 | D:4      | Found Obigg's Book Emporium.
  2804 | D:4      | Identified the +1 chain mail of Beauty {rF+ Str+2 Int-3
                  | Dex+3}
  2808 | D:4      | Noticed a scorpion
  2818 | D:4      | Killed a scorpion
  2819 | D:4      | Reached XP level 5. HP: 28/28 MP: 5/8
  3096 | D:4      | Reached skill level 7 in Stealth
  3096 | D:4      | Reached XP level 6. HP: 31/32 MP: 4/9
  3277 | D:4      | Found a shimmering blue altar of Sif Muna.
  3360 | D:5      | Entered Level 5 of the Dungeon
  3361 | D:5      | Found a shadowy altar of Dithmenos.
  3852 | D:5      | Reached skill level 8 in Stealth
  3852 | D:5      | Reached XP level 7. HP: 36/36 MP: 10/10
  3920 | D:4      | Reached skill level 10 in Hexes
  4194 | D:5      | Learned a level 3 spell: Confusing Touch
  4198 | D:5      | Learned a level 3 spell: Tukima's Dance
  4266 | D:5      | Reached skill level 1 in Long Blades
  4681 | D:5      | Reached skill level 9 in Stealth
  4995 | D:6      | Reached *** piety under Lugonu
  5121 | D:6      | Reached XP level 8. HP: 41/41 MP: 11/11
  5186 | D:6      | Found a staircase to the Ecumenical Temple.
  5225 | Temple   | Entered the Ecumenical Temple
  5580 | D:5      | Reached skill level 10 in Stealth
  5724 | D:6      | Reached skill level 5 in Long Blades
  6056 | D:7      | Found a broken altar of Ashenzari.
  6116 | D:7      | Identified the +1 cloak "Atingoah" {rN+}
  6137 | D:7      | Got Fasov's Parchment of Accomplices
  6382 | D:7      | Found a hide-covered altar of Uskayaw.
  6397 | D:7      | Reached skill level 11 in Stealth
  6578 | D:8      | Noticed a two-headed ogre
  6583 | D:8      | Killed a two-headed ogre
  6584 | D:8      | Reached XP level 9. HP: 45/45 MP: 12/12
  6613 | D:8      | Reached skill level 12 in Stealth
  7048 | D:8      | Found a staircase to the Lair.
  7163 | D:8      | Reached skill level 13 in Stealth
  7209 | D:8      | Reached XP level 10. HP: 50/50 MP: 13/13
  7274 | D:8      | Reached skill level 1 in Invocations
  7426 | D:8      | Found a radiant altar of Vehumet.
  7464 | D:8      | Found a hazy altar of Hepliaklqana.
  7521 | D:8      | Reached **** piety under Lugonu
  7684 | D:8      | Found Comacruo's Antique Armour Emporium.
  7794 | D:9      | Found a burning altar of Makhleb.
  8234 | D:9      | HP: 1/50 [killer bee (6)]
  8238 | D:9      | Reached skill level 14 in Stealth
  8743 | D:9      | Found a sacrificial altar of Ru.
  9251 | D:9      | Identified the ring "Wuphuc" {Fire Int+6}
  9378 | D:10     | Entered Level 10 of the Dungeon
  9782 | D:10     | Noticed a two-headed ogre
  9783 | D:10     | Killed a two-headed ogre
  9784 | D:10     | Reached skill level 15 in Stealth
  9784 | D:10     | Reached skill level 5 in Invocations
  9963 | D:10     | Found a staircase to the Orcish Mines.
  9994 | D:10     | Reached skill level 16 in Stealth
 10000 | D:10     | Slain by a warg

Illustrated notes

Levels and vault maps discovered:
D:1:      dpeg_arrival_erosion, layout_loops_ring
D:2:      layout_rooms, serial_shops, nicolae_shop_behind_doors
D:3:      layout_basic, chequers_temple_overflow_statue_of_worship,
          shapermc_ecumenical_altar_starsandcircs, uniq_jessica, uniq_natasha
D:4:      layout_cave_pools, mainiacjoe_overflow_alcove_2, serial_shops, shop
D:5:      layout_loops_ring, nicolae_dithmenos_through_a_glass_darkly,
          elyvilon_altar_3
D:6:      layout_rooms, minmay_temple_entry_glassed_door, dk_noncrumbling_4,
          hangedman_decor_riveting, minmay_misc_feat_ornament
D:7:      layout_basic, overflow_temple_1_default, lemuel_tele_altar
D:8:      layout_loops_ring, mainiacjoe_overflow_alcove_4,
          mainiacjoe_overflow_alcove_1, grunt_lair_entry_orc_guard_hut,
          serial_shops, nicolae_lakefront_shop
D:9:      layout_gridville, nicolae_ru_great_annihilating_truth,
          nicolae_tso_carved_into_rock, mainiacjoe_overflow_24_doors
D:10:     layout_cave_pods, nemelex_diamond_rough_becter,
          minmay_orc_entry_guard_dogs
Temple:   kb_temple_of_zot

Skill      XL: |  1  2  3  4  5  6  7  8  9 10 |
---------------+-------------------------------+-----
Hexes          | 5 6 7 8 9 10 | 10.1
Stealth        | 5 6 7 8 9 11 13 16 | 16.0
Long Blades    | 3 7 9 |  9.9
Invocations    | 5 |  5.7
Short Blades   | |  1.1
Dodging        | |  2.1
Spellcasting   | |  2.0

Action                   |  1- 3 |  4- 6 |  7- 9 | 10-12 || total
-------------------------+-------+-------+-------+-------++-------
Melee: Dagger            |   100 |    59 |   128 |   157 ||   444
       Bite              |     3 |     6 |    12 |    16 ||    37
       Punch             |     2 |       |     1 |     4 ||     7
       Long sword        |       |       |       |    16 ||    16
Throw: Dart              |       |       |     2 |     6 ||     8
 Cast: Ensorcelled Hiber |     3 |    13 |    58 |    43 ||   117
       Confusing Touch   |       |       |     4 |     1 ||     5
 Abil: End Transformatio |     1 |       |       |       ||     1
       Bat Form          |     1 |       |       |       ||     1
       Exsanguinate      |     1 |       |       |       ||     1
  Use: Scroll            |       |       |     5 |     8 ||    13
 Stab: Sleeping          |    16 |    23 |    53 |    37 ||   129
       Confused          |       |       |     7 |     1 ||     8
       Paralysed         |       |       |       |     1 ||     1
Armor: Robe              |     8 |     5 |     5 |       ||    18
       Leather armour    |       |       |    12 |    39 ||    51
Dodge: Dodged            |    59 |    27 |    79 |   136 ||   301
